 Dungeon Crawl Stone Soup version 0.31.0-11-ge490571c62 (webtiles) character file.

Game seed: 8042078847086334563

457 qw the Ducker (level 6, 0/30 HPs)
             Began as a Spriggan Hunter on Feb 3, 2024.
             Was a Follower of Okawaru.
             Slain by a two-headed ogre
             ... wielding a +0 dire flail
              (26 damage)
             ... on level 5 of the Dungeon.
             The game lasted 00:00:12 (3454 turns).

qw the Ducker (Spriggan Hunter)                     Turns: 3454, Time: 00:00:13

Health: 0/30       AC:  2    Str:  7    XL:     6   Next: 77%
Magic:  6/7        EV: 22    Int: 11    God:    Okawaru [*.....]
Gold:   95         SH:  0    Dex: 20    Spells: 5/5 levels left

rFire   . . .        b - +0 arbalest (freeze)
rCold   + . .        (shield currently unavailable)
rNeg    . . .        g - +0 robe {rC+}
rPois   .            (helmet restricted)
rElec   .            (no cloak)
rCorr   .            (gloves unavailable)
SInv    +            (boots unavailable)
Will    +....        d - amulet of faith
Stlth   ++           (no ring)
HPRegen 0.25/turn    (no ring)
MPRegen 0.10/turn

%: faith
@: about to teleport, very quick
A: very small, no large weapons, unfitting armour, see invisible, speed 3
a: Renounce Religion, Heroism


You were on level 5 of the Dungeon.
You worshipped Okawaru.
Okawaru was aware of your devotion.
You visited 1 branch of the dungeon, and saw 5 of its levels.

You collected 221 gold pieces.
You spent 126 gold pieces at shops.


Innate Abilities, Weirdness & Mutations

You are very small and have problems with some larger weapons.
You are too small for most types of armour.
You have supernaturally acute eyesight. (SInv)
You cover ground extremely quickly. (Speed+++)


   Skills:
 - Level 2.1 Fighting
 + Level 6.2 Ranged Weapons
 - Level 6.6 Dodging
 - Level 1.5 Stealth
 + Level 1.3 Invocations


You had 5 spell levels left.
You didn't know any spells.
Your spell library was empty.

Inventory:

Hand Weapons
 b - a +0 arbalest of freezing (weapon)
Armour
 g - a +0 robe of cold resistance (worn)
Jewellery
 d - an amulet of faith (around neck)
Scrolls
 e - 2 scrolls of identify
Potions
 a - a potion of mutation
 f - 2 potions of curing

Dungeon Overview and Level Annotations

Branches:
Dungeon (5/15)             Temple (0/1) D:4

Altars:
Cheibriados
Gozag
Okawaru
Xom
Zin

Shops:
D:2 *=(   D:3 (

Annotations:
D:3 2 transporters
D:4 1 runed translucent door, Crazy Yiuf


Message History

A two-headed ogre comes into view.
It is wielding a +0 dire flail and a +0 giant spiked club.
3444 ||| INVOKING Heroism.
You gain the combat prowess of a mighty hero.
You shoot a bolt. The bolt hits the two-headed ogre!
The bolt freezes the two-headed ogre.
The two-headed ogre shouts in stereo!
The two-headed ogre is moderately wounded.
You shoot a bolt.
The bolt barely misses the two-headed ogre.
You shoot a bolt.
The bolt hits the two-headed ogre but does no damage.
The two-headed ogre is moderately wounded.
You shoot a bolt. The bolt hits the two-headed ogre.
The bolt freezes the two-headed ogre.
The two-headed ogre is heavily wounded.
You shoot a bolt.
The bolt barely misses the two-headed ogre.
The two-headed ogre misses you.
The two-headed ogre completely misses you.
You shoot a bolt.
The bolt barely misses the two-headed ogre.
The two-headed ogre misses you. The two-headed ogre closely misses you.
You shoot a bolt. The bolt hits the two-headed ogre!
The bolt freezes the two-headed ogre.
The two-headed ogre is severely wounded.
The two-headed ogre misses you. x2
You shoot a bolt.
The bolt barely misses the two-headed ogre.
The two-headed ogre hits you with a +0 dire flail.
The two-headed ogre hits you with a +0 giant spiked club!!
Ouch! That really hurt!
3453 ||| READING scroll of teleportation.
As you read the scroll of teleportation, it crumbles to dust.
You feel strangely unstable.
You feel like a meek peon again.
3454 ||| DRINKING potion of heal wounds.
You feel much better.
The two-headed ogre hits you with a +0 dire flail!!
Ouch! That really hurt!
You die...

....########
...........#
...........
.......... .#
....... ##.# #. ....
...# #..##O#####..#
..
#....@......[####.#
....###....##...#...
. ####..#...#.####.
##....
##............
###....##.#
###..#.......
........#.#
#..........
.....(....
#######...#.....
........#
................
........#
########........


You could see a two-headed ogre.

Vanquished Creatures
  Edmund (D:4)
  2 orc priests (D:4)
  A sleepcap (D:3)
  2 orc wizards (D:4)
  Natasha (twice) (D:2)
  Robin (D:3)
  4 adders
  A gnoll (D:1)
  2 dart slugs (D:3)
  A ribbon worm (D:3)
  10 orcs
  10 bats
  6 endoplasms
  A giant cockroach (D:4)
  17 goblins
  4 hobgoblins
  10 kobolds
  3 quokkas
  9 ball pythons
  3 frilled lizards (D:2)
  3 rats
93 creatures vanquished.

Notes
Turn   | Place    | Note
-------+----------+-------------------------------------------
     0 | D:1      | qw the Spriggan Hunter began the quest for the Orb.
     0 | D:1      | Reached XP level 1. HP: 10/10 MP: 2/2
     0 | D:1      | 0 ||| qw: Version: 0.3-a-155-g5e7d8dd
     0 | D:1      | 0 ||| qw: Game counter: 3380
     0 | D:1      | 0 ||| qw: Melee chars always use a shield: true
     0 | D:1      | 0 ||| qw: God list: Okawaru
     0 | D:1      | 0 ||| qw: Allow faded altars: false
     0 | D:1      | 0 ||| qw: Do Orc after clearing Dungeon:15 true
     0 | D:1      | 0 ||| qw: Do second Lair branch before Depths: true
     0 | D:1      | 0 ||| qw: Lair rune preference: random
     0 | D:1      | 0 ||| qw: Goals: Normal
     0 | D:1      | 0 ||| PLANNING D:1-11
    19 | D:1      | 19 ||| SWAPPING to +2 heavy sling.
    20 | D:1      | 20 ||| DROPPING +0 shortbow.
    71 | D:1      | Reached skill level 3 in Dodging
   119 | D:1      | Reached XP level 2. HP: 14/14 MP: 3/3
   683 | D:1      | 683 ||| READING 3 scrolls labelled BYAHI HIURE.
   683 | D:1      | 683 ||| IDENTIFYING emerald potion
   684 | D:1      | 684 ||| READING 2 scrolls of identify.
   684 | D:1      | 684 ||| IDENTIFYING blue potion
   685 | D:1      | 685 ||| DROPPING scroll of butterflies.
   686 | D:1      | 686 ||| DROPPING potion of attraction.
   719 | D:2      | Reached XP level 3. HP: 18/18 MP: 4/4
   721 | D:2      | Found Beep's Antique Weapon Emporium.
   769 | D:2      | Noticed Natasha
   771 | D:2      | 771 ||| FLEEEEING.
   772 | D:2      | 772 ||| FLEEEEING.
   773 | D:2      | 773 ||| FLEEEEING.
   774 | D:2      | 774 ||| FLEEEEING.
   775 | D:2      | 775 ||| FLEEEEING.
   780 | D:2      | Killed Natasha
   844 | D:2      | 844 ||| READING scroll of identify.
   844 | D:2      | 844 ||| IDENTIFYING grey potion
   845 | D:2      | 845 ||| READING scroll labelled WUTRODWOREU.
   846 | D:2      | 846 ||| DROPPING potion of degeneration.
   983 | D:2      | Found an iron altar of Okawaru.
   984 | D:2      | 984 ||| PLANNING OKAWARU WORSHIP
  1030 | D:2      | 1030 ||| DROPPING ring of magical power.
  1041 | D:2      | Became a worshipper of Warmaster Okawaru
  1042 | D:2      | 1042 ||| PLANNING D:1-11
  1160 | D:2      | Reached XP level 4. HP: 22/22 MP: 5/5
  1235 | D:2      | Found Itaer's General Store.
  1238 | D:2      | 1238 ||| BUYING +0 robe of cold resistance (100 gold).
  1238 | D:2      | Bought a +0 robe of cold resistance for 100 gold pieces
  1238 | D:2      | 1238 ||| SHOPLISTING potion of enlightenment (65 gold, have
                  | 59).
  1238 | D:2      | 1238 ||| SHOPLISTING scroll of enchant armour (97 gold,
                  | have 59).
  1238 | D:2      | 1238 ||| BUYING scroll of identify (26 gold).
  1238 | D:2      | Bought a scroll of identify for 26 gold pieces
  1238 | D:2      | 1238 ||| SHOPLISTING scroll of teleportation (39 gold, have
                  | 33).
  1238 | D:2      | 1238 ||| SHOPLISTING wand of mindburst (13) (236 gold, have
                  | 33).
  1238 | D:2      | 1238 ||| SHOPLISTING wand of roots (5) (156 gold, have 33).
  1276 | D:2      | Found Tyick's Jewellery Boutique.
  1285 | D:2      | 1285 ||| SHOPLISTING +4 ring of protection (432 gold, have
                  | 33).
  1285 | D:2      | 1285 ||| SHOPLISTING +5 ring of evasion (432 gold, have
                  | 33).
  1285 | D:2      | 1285 ||| SHOPLISTING +6 ring of strength (432 gold, have
                  | 33).
  1285 | D:2      | 1285 ||| SHOPLISTING amulet of the acrobat (360 gold, have
                  | 33).
  1285 | D:2      | 1285 ||| SHOPLISTING ring of fire (300 gold, have 33).
  1296 | D:2      | Noticed Natasha
  1298 | D:2      | Killed Natasha
  1488 | D:2      | 1488 ||| UPGRADING to +0 robe of cold resistance.
  1498 | D:2      | 1498 ||| DROPPING +0 robe.
  1499 | D:2      | 1499 ||| UPGRADING to amulet of faith.
  1504 | D:2      | 1504 ||| READING 2 scrolls of identify.
  1504 | D:2      | 1504 ||| IDENTIFYING bubbling cyan potion
  1505 | D:2      | 1505 ||| READING scroll of identify.
  1505 | D:2      | 1505 ||| IDENTIFYING 2 scrolls labelled FOLUDUSYSA
  1506 | D:2      | 1506 ||| DROPPING 2 scrolls of amnesia.
  1588 | D:3      | Found a transporter.
  1674 | D:3      | Found Mugipeut's Antique Weapon Shoppe.
  1683 | D:3      | 1683 ||| SHOPLISTING fine sling (156 gold, have 37).
  1683 | D:3      | Found a snail-covered altar of Cheibriados.
  1701 | D:3      | Reached XP level 5. HP: 26/26 MP: 6/6
  1772 | D:3      | Found a transporter.
  1794 | D:3      | Found a glowing silver altar of Zin.
  1821 | D:3      | Found a shimmering altar of Xom.
  1920 | D:3      | Noticed Robin
  1923 | D:3      | Killed Robin
  2173 | D:3      | 2173 ||| READING scroll of identify.
  2173 | D:3      | 2173 ||| IDENTIFYING fizzy blue potion
  2174 | D:3      | 2174 ||| READING scroll labelled ARCHUN HEOROAST.
  2222 | D:3      | 2222 ||| READING scroll labelled WYNGAP GITH.
  2222 | D:3      | Identified a scroll of acquirement
  2222 | D:3      | 2222 ||| ACQUIRING +0 arbalest of freezing
  2222 | D:3      | Acquired a +0 arbalest of freezing
  2224 | D:3      | 2224 ||| SWAPPING to +0 arbalest of freezing.
  2225 | D:3      | 2225 ||| DROPPING +2 heavy sling.
  2348 | D:4      | Identified the +10 sling of Omoll {flame, Int-3 Dex+7
                  | Stlth+}
  2376 | D:4      | Reached skill level 6 in Ranged Weapons
  2552 | D:4      | Found a staircase to the Ecumenical Temple.
  2564 | D:4      | Noticed Edmund
  2570 | D:4      | Killed Edmund
  2570 | D:4      | Reached * piety under Okawaru
  2571 | D:4      | Reached skill level 6 in Dodging
  2571 | D:4      | Reached XP level 6. HP: 11/30 MP: 7/7
  2805 | D:4      | Identified the +10 hammer "Nijusoha" {freeze, Will+ Str+2}
  2807 | D:4      | Found a runed translucent door.
  2808 | D:4      | Noticed Crazy Yiuf
  3016 | D:4      | Found an opulent altar of Gozag.
  3186 | D:4      | Reached skill level 1 in Invocations
  3337 | D:4      | 3337 ||| READING 3 scrolls of identify.
  3337 | D:4      | 3337 ||| IDENTIFYING scroll labelled EFRERI RUNU
  3391 | D:5      | Entered Level 5 of the Dungeon
  3443 | D:5      | Noticed a two-headed ogre
  3444 | D:5      | 3444 ||| INVOKING Heroism.
  3452 | D:5      | HP: 1/30 [two-headed ogre/+0 dire flail (26)]
  3453 | D:5      | 3453 ||| READING scroll of teleportation.
  3454 | D:5      | 3454 ||| DRINKING potion of heal wounds.
  3454 | D:5      | Slain by a two-headed ogre

Levels and vault maps discovered:
D:1:      psy_arrival_fountain, layout_loops_ring
D:2:      layout_basic, serial_shops, shop, nicolae_shop_behind_doors, shop,
          basic_altar, uniq_natasha
D:3:      layout_basic, amcnicky_altar_gilded, kennysheep_slug_shrine,
          general_overflow_altar, serial_shops, nicolae_shop_stone,
          gammafunk_ghost_stat_death, minmay_tree_intersection, uniq_robin
D:4:      layout_cave_pods, lemuel_round_altar, minmay_temple_entry_waves,
          roderic_batcave, uniq_edmund, uniq_crazy_yiuf_cottage
D:5:      layout_rooms

Skill      XL: |  1  2  3  4  5  6 |
---------------+-------------------+-----
Dodging        | 4 5 6 |  6.6
Ranged Weapons | 5 6 |  6.2
Fighting       | 2 |  2.1
Invocations    | 1 |  1.3
Stealth        | |  1.5

Action                     |  1- 3 |  4- 6 || total
---------------------------+-------+-------++-------
   Fire: Sling             |    42 |    56 ||    98
         Arbalest          |       |    86 ||    86
 Invoke: Heroism           |       |     1 ||     1
    Use: Scroll            |     4 |     7 ||    11
         Potion            |       |     1 ||     1
 Armour: Robe              |     3 |    38 ||    41
  Dodge: Dodged            |     3 |    90 ||    93

Table legend:
 A = Non-vault XP
 B = Vault XP
 C = Vault XP percentage of total XP
 D = Non-vault monster count
 E = Vault monster count
 F = Vault count percentage of total count
                 A         B        C        D         E       F
            +---------+---------+-------+---------+---------+-------
      Total |     416 |     237 |  36.3 |      74 |      19 |  20.4
            +---------+---------+-------+---------+---------+-------
        D:1 |      39 |       0 |   0.0 |      15 |       0 |   0.0
        D:2 |      81 |      33 |  28.9 |      17 |       1 |   5.6
        D:3 |      83 |      30 |  26.5 |      16 |       9 |  36.0
        D:4 |     210 |     174 |  45.3 |      25 |       9 |  26.5
        D:5 |       3 |       0 |   0.0 |       1 |       0 |   0.0
            +---------+---------+-------+---------+---------+-------
